[Event "4NCL Div 2 2024-25"]
[Site "England"]
[Date "2025.04.06"]
[Round "8.19"]
[White "Zhang, Junyi"]
[Black "Wall, Tim P"]
[Result "0-1"]
[Annotator "ChessBase"]
[ECO "C55"]
[WhiteElo "2123"]
[BlackElo "2168"]
[PlyCount "100"]
[EventDate "2024.11.23"]
[EventType "team-tourn"]
[EventCountry "ENG"]
[SourceTitle "playchess.com"]
[Source "ChessBase"]
[SourceQuality "1"]
[TimeControl "40/6000+30:3000+30"]

1. e4 e5 2. Nf3 Nc6 3. Bc4 d6 4. O-O Be7 5. h3 Nf6 6. Re1 O-O 7. a4 Nxe4 8. Rxe4 d5 9. Bxd5 Qxd5 10. Nc3 Qd6 11. d3 f5 12. Re1 Bf6 13. Bg5 Bxg5 14. Nxg5 a6 15. Nf3 Bd7 16. Qd2 Rae8 17. Ne2 Qg6 18. Kf1 e4 19. dxe4 fxe4 20. Qxd7 exf3 21. Ng3 Rd8 22. Qe6+ Qxe6 23. Rxe6 Rd2 24. gxf3 Rxc2 25. Re2 Rxe2 26. Kxe2 Nd4+ 27. Kd3 Nxf3 28. Rc1 Ne5+ 29. Ke2 c6 30. Rd1 Rf4 31. Rd8+ Kf7 32. Rb8 Rb4 33. Nf5 Rxb2+ 34. Kf1 b5 35. axb5 axb5 36. Rb7+ Kg6 37. Nxg7 Nd3 38. Kg1 Nxf2 39. Ne8 Nxh3+ 40. Kf1 Ng5 41. Rb6 Rc2 42. Nd6 Kh5 43. Nc8 Nf3 44. Rb7 h6 45. Nd6 Kg6 46. Nxb5 cxb5 47. Rxb5 h5 48. Rd5 Ng5 49. Kg1 h4 50. Kh1 Kh5 0-1

[Event "4NCL Div 2 2024-25"]
[Site "England"]
[Date "2025.04.06"]
[Round "8.20"]
[White "Chan, Sheng Liang Bernard"]
[Black "Alizada, Eldar"]
[Result "1-0"]
[Annotator "NA"]
[ECO "C10"]
[WhiteElo "2101"]
[BlackElo "1998"]
[PlyCount "49"]
[EventDate "2024.11.23"]
[EventType "team-tourn"]
[EventCountry "ENG"]
[SourceTitle "playchess.com"]
[Source "ChessBase"]
[SourceQuality "1"]
[TimeControl "40/6000+30:3000+30"]

1. e4 e6 2. d4 d5 3. Nc3 dxe4 4. Nxe4 Nd7 5. Nf3 Ngf6 6. Nxf6+ Nxf6 7. Bd3 Be7 8. Be3 O-O 9. Qe2 b6 10. O-O-O Bb7 11. Kb1 Be4 12. h4 Qd5 13. Bg5 Rfe8 14. Rhe1 Bxd3 15. Rxd3 Rad8 16. Ne5 c5 17. dxc5 Qxc5 18. Rc3 Qd6 19. Qf3 Qd5 20. Nc6 Rd7 21. Nxe7+ Rexe7 22. Bxf6 gxf6 23. Rc8+ Kg7 24. Qg4+ Kh6 25. Rg8 1-0

[Event "4NCL Div 2 2024-25"]
[Site "England"]
[Date "2025.04.06"]
[Round "8.21"]
[White "Lishoy Gengis Paratazham, Dildarav"]
[Black "Arnott, Jonathan W"]
[Result "1/2-1/2"]
[Annotator "NA"]
[ECO "A04"]
[WhiteElo "2045"]
[BlackElo "2087"]
[PlyCount "30"]
[EventDate "2024.11.23"]
[EventType "team-tourn"]
[EventCountry "ENG"]
[SourceTitle "playchess.com"]
[Source "ChessBase"]
[SourceQuality "1"]
[TimeControl "40/6000+30:3000+30"]

1. Nf3 f5 2. g3 e6 3. Bg2 Nf6 4. b3 Be7 5. Bb2 O-O 6. c4 d6 7. d4 a5 8. Nbd2 Ne4 9. O-O Qe8 10. Qc2 Nxd2 11. Nxd2 Qh5 12. Bf3 Qh3 13. Bg2 Qh5 14. Bf3 Qh3 15. Bg2 Qh5 1/2-1/2

[Event "4NCL Div 2 2024-25"]
[Site "England"]
[Date "2025.04.06"]
[Round "8.22"]
[White "Gayson, Peter M"]
[Black "Waller, Dan"]
[Result "0-1"]
[Annotator "NA"]
[ECO "B35"]
[WhiteElo "2087"]
[BlackElo "2099"]
[PlyCount "110"]
[EventDate "2024.11.23"]
[EventType "team-tourn"]
[EventCountry "ENG"]
[SourceTitle "playchess.com"]
[Source "ChessBase"]
[SourceQuality "1"]
[TimeControl "40/6000+30:3000+30"]

1. e4 c5 2. Nf3 g6 3. d4 cxd4 4. Nxd4 Nc6 5. Nc3 Bg7 6. Be3 Nf6 7. Bc4 O-O 8. Bb3 a6 9. O-O Qc7 10. f4 d6 11. Kh1 Na5 12. Qd3 b5 13. Rae1 Bb7 14. Bg1 Nd7 15. Nd5 Bxd5 16. Bxd5 Rac8 17. c3 Nc4 18. Qe2 Ndb6 19. f5 Nxd5 20. exd5 Ne5 21. fxg6 hxg6 22. Nf3 Qc4 23. Qd2 Qxa2 24. Nxe5 dxe5 25. Ra1 Qc4 26. Rfd1 Ra8 27. Bb6 Rfe8 28. h3 Qh4 29. Be3 a5 30. Bb6 a4 31. Qe2 Qc4 32. Qf2 b4 33. cxb4 Qxb4 34. Bc5 Qb7 35. Rd2 Red8 36. Rf1 f5 37. Rfd1 Rd7 38. Qg3 Kf7 39. d6 e6 40. Ba3 Rc8 41. Qh4 Rh8 42. Qxa4 Rxh3+ 43. Kg1 Rh8 44. Rc2 Rc8 45. Rdc1 Rxc2 46. Rxc2 e4 47. Rc6 Be5 48. Kf1 Kf6 49. Ra6 Qd5 50. Qc2 Rh7 51. Bc5 Rh1+ 52. Ke2 f4 53. Ra4 f3+ 54. Kf2 fxg2 55. Kxg2 Rh2+ 0-1

[Event "4NCL Div 2 2024-25"]
[Site "England"]
[Date "2025.04.06"]
[Round "8.23"]
[White "Foo, Zhi Rong Benjamin"]
[Black "Edwards-Wright, Miles D"]
[Result "1-0"]
[Annotator "ChessBase"]
[ECO "B06"]
[WhiteElo "2177"]
[BlackElo "1970"]
[PlyCount "53"]
[EventDate "2024.11.23"]
[EventType "team-tourn"]
[EventCountry "ENG"]
[SourceTitle "playchess.com"]
[Source "ChessBase"]
[SourceQuality "1"]
[TimeControl "40/6000+30:3000+30"]

1. e4 g6 2. d4 Bg7 3. Nc3 d6 4. Be3 Nd7 5. h4 h5 6. Nh3 a6 7. Ng5 Nh6 8. f3 b5 9. a4 b4 10. Nd5 a5 11. Bc4 e6 12. Nf4 Nb6 13. Bb5+ Kf8 14. Qe2 Qe7 15. O-O-O d5 16. e5 Bd7 17. b3 Nf5 18. Bd3 Nxe3 19. Qxe3 Be8 20. g4 Rc8 21. Rdg1 c5 22. gxh5 c4 23. Bxg6 cxb3 24. Nh7+ Rxh7 25. Bxh7 b2+ 26. Kb1 Rc3 27. h6 1-0

[Event "4NCL Div 2 2024-25"]
[Site "England"]
[Date "2025.04.06"]
[Round "8.24"]
[White "Rich, Aaron"]
[Black "Handley, Michael R"]
[Result "1/2-1/2"]
[Annotator "NA"]
[ECO "A01"]
[WhiteElo "1919"]
[BlackElo "1993"]
[PlyCount "62"]
[EventDate "2024.11.23"]
[EventType "team-tourn"]
[EventCountry "ENG"]
[SourceTitle "playchess.com"]
[Source "ChessBase"]
[SourceQuality "1"]
[TimeControl "40/6000+30:3000+30"]

1. b3 e5 2. Bb2 Nc6 3. e3 Nf6 4. Bb5 Bd6 5. Na3 Na5 6. Nc4 Nxc4 7. Bxc4 O-O 8. a3 c6 9. b4 b5 10. Ba2 a5 11. Ne2 Kh8 12. O-O Qe7 13. Ng3 Bc7 14. Nf5 Qd8 15. d4 exd4 16. Bxd4 d5 17. Qf3 Bxf5 18. Qxf5 Ne4 19. Qg4 f6 20. f3 Nd6 21. Bb3 Nc4 22. Bxc4 bxc4 23. c3 Re8 24. Rfe1 Be5 25. Qh4 Qc7 26. f4 Bxd4 27. exd4 axb4 28. axb4 Qd7 29. Rxa8 Rxa8 30. Qf2 Re8 31. Kf1 Kg8 1/2-1/2

[Event "4NCL Div 2 2024-25"]
[Site "England"]
[Date "2025.04.06"]
[Round "8.25"]
[White "Kanyamarala, Tarun"]
[Black "Southcott-Moyers, Indy"]
[Result "1-0"]
[Annotator "ChessBase"]
[ECO "A13"]
[WhiteElo "2386"]
[BlackElo "2174"]
[PlyCount "105"]
[EventDate "2024.11.23"]
[EventType "team-tourn"]
[EventCountry "ENG"]
[SourceTitle "playchess.com"]
[Source "ChessBase"]
[SourceQuality "1"]
[TimeControl "40/6000+30:3000+30"]

1. c4 e6 2. Nf3 d5 3. g3 Nf6 4. Bg2 dxc4 5. O-O a6 6. Qc2 c5 7. Ne5 Ra7 8. a4 b6 9. Qxc4 Bb7 10. Bxb7 Rxb7 11. b3 Bd6 12. Bb2 O-O 13. Na3 Nd5 14. d4 cxd4 15. Qxd4 f6 16. Nf3 Qe7 17. Nc4 Bc5 18. Qe4 Nc6 19. Rfd1 f5 20. Qc2 b5 21. Nce5 Nxe5 22. Bxe5 Rc8 23. Qd3 Bb6 24. axb5 axb5 25. Rdc1 Rd8 26. Qc2 h6 27. Rd1 Qc5 28. Qxc5 Bxc5 29. Ra6 Re8 30. Rc1 Nb4 31. Raa1 Bb6 32. Bd6 Nd5 33. h4 Nf6 34. Bc5 Bc7 35. Ra7 Reb8 36. Ra6 Kf7 37. Nd4 Re8 38. Ra7 Reb8 39. Nxb5 Rxa7 40. Bxa7 Rxb5 41. Rxc7+ Kg8 42. Rc8+ Kf7 43. Rb8 Ra5 44. Rb7+ Kg6 45. b4 Ra1+ 46. Kg2 Rb1 47. b5 h5 48. b6 Nd5 49. Rd7 Nb4 50. Rd6 Nd5 51. Rxe6+ Kf7 52. Rd6 Rb5 53. Rxd5 1-0

[Event "4NCL Div 2 2024-25"]
[Site "England"]
[Date "2025.04.06"]
[Round "8.26"]
[White "Bullen, Alex"]
[Black "Ashton, Adam G"]
[Result "1/2-1/2"]
[Annotator "ChessBase"]
[ECO "D32"]
[WhiteElo "2160"]
[BlackElo "2285"]
[PlyCount "66"]
[EventDate "2024.11.23"]
[EventType "team-tourn"]
[EventCountry "ENG"]
[SourceTitle "playchess.com"]
[Source "ChessBase"]
[SourceQuality "1"]
[TimeControl "40/6000+30:3000+30"]

1. Nf3 d5 2. e3 Nf6 3. c4 e6 4. Nc3 c5 5. cxd5 exd5 6. d4 a6 7. Be2 Nc6 8. O-O cxd4 9. Nxd4 Bd6 10. b3 O-O 11. Bb2 Re8 12. Nxc6 bxc6 13. Rc1 Qe7 14. Na4 Bb7 15. Bf3 Rac8 16. Qd3 Nd7 17. Qf5 Ne5 18. Bxe5 Bxe5 19. Nc5 Bd6 20. Qc2 Ba8 21. Rfd1 a5 22. g3 Rb8 23. Be2 g6 24. Qc3 Qa7 25. Rc2 h5 26. Rdc1 Be5 27. Qd3 Rbd8 28. Qa6 Qc7 29. Bf3 h4 30. Qf1 Qe7 31. Qa6 Qc7 32. Qf1 Qe7 33. Qa6 Qc7 1/2-1/2

[Event "4NCL Div 2 2024-25"]
[Site "England"]
[Date "2025.04.06"]
[Round "8.27"]
[White "Kanyamarala, Trisha"]
[Black "Jones, Steven A"]
[Result "1-0"]
[Annotator "ChessBase"]
[ECO "D96"]
[WhiteElo "2185"]
[BlackElo "2175"]
[PlyCount "91"]
[EventDate "2024.11.23"]
[EventType "team-tourn"]
[EventCountry "ENG"]
[SourceTitle "playchess.com"]
[Source "ChessBase"]
[SourceQuality "1"]
[TimeControl "40/6000+30:3000+30"]

1. d4 Nf6 2. c4 g6 3. Nc3 d5 4. Nf3 Bg7 5. Qb3 dxc4 6. Qxc4 Be6 7. Qb5+ Bd7 8. Qb3 O-O 9. e4 c5 10. d5 b5 11. e5 Ng4 12. Bf4 c4 13. Qc2 Bf5 14. Qd2 b4 15. Nd1 Qc7 16. Rc1 Nxe5 17. Bxe5 Bxe5 18. Rxc4 Qd6 19. Nxe5 Qxe5+ 20. Be2 Rd8 21. Ne3 a5 22. O-O Nd7 23. f4 Qf6 24. Rc6 Qh4 25. Nxf5 gxf5 26. Rf3 Nf6 27. Rh3 Ne4 28. Rxh4 Nxd2 29. Rch6 Rxd5 30. Rxh7 Rad8 31. Rh8+ Kg7 32. R4h7+ Kf6 33. Rh6+ Kg7 34. R8h7+ Kg8 35. Rh8+ Kg7 36. R8h7+ Kf8 37. Bh5 Ne4 38. Rh8+ Kg7 39. R8h7+ Kf8 40. Rxf7+ Kg8 41. h4 Rd1+ 42. Kh2 Nf2 43. Rxf5 Rh1+ 44. Kg3 Ne4+ 45. Kf3 Re1 46. Bf7+ 1-0

[Event "4NCL Div 2 2024-25"]
[Site "England"]
[Date "2025.04.06"]
[Round "8.28"]
[White "Saunders, Aron"]
[Black "Navaratnam, Rohan Shan Tze"]
[Result "0-1"]
[Annotator "ChessBase"]
[ECO "B22"]
[WhiteElo "2106"]
[BlackElo "2306"]
[PlyCount "74"]
[EventDate "2024.11.23"]
[EventType "team-tourn"]
[EventCountry "ENG"]
[SourceTitle "playchess.com"]
[Source "ChessBase"]
[SourceQuality "1"]
[TimeControl "40/6000+30:3000+30"]

1. e4 c5 2. Nf3 e6 3. c3 Nf6 4. e5 Nd5 5. d4 cxd4 6. cxd4 b6 7. Bc4 Ba6 8. Bxa6 Nxa6 9. O-O Be7 10. Nbd2 O-O 11. Qe2 Nab4 12. Ne4 f6 13. a3 Nc6 14. Bd2 fxe5 15. dxe5 Qe8 16. Rad1 Bd8 17. Nc3 Nce7 18. Qe4 Bc7 19. Nxd5 Nxd5 20. Bc1 Rc8 21. Ng5 Qg6 22. Qxg6 hxg6 23. f4 b5 24. Ne4 Bb6+ 25. Kh1 Rc2 26. g3 Rfc8 27. Nd6 R8c5 28. Rfe1 a5 29. b4 Rc6 30. Nxb5 axb4 31. axb4 Ra2 32. Bd2 Rcc2 33. Re2 Nxb4 34. Nc3 Ra3 35. Re4 Nd3 36. Nb1 Nf2+ 37. Kg2 Nxd1 0-1

[Event "4NCL Div 2 2024-25"]
[Site "England"]
[Date "2025.04.06"]
[Round "8.29"]
[White "Jackson, Edward"]
[Black "Blackburn, Jonathan L B"]
[Result "1-0"]
[Annotator "ChessBase"]
[ECO "C09"]
[WhiteElo "2132"]
[BlackElo "2197"]
[PlyCount "109"]
[EventDate "2024.11.23"]
[EventType "team-tourn"]
[EventCountry "ENG"]
[SourceTitle "playchess.com"]
[Source "ChessBase"]
[SourceQuality "1"]
[TimeControl "40/6000+30:3000+30"]

1. e4 e6 2. d4 d5 3. Nd2 c5 4. exd5 exd5 5. Ngf3 Nc6 6. Bb5 Qe7+ 7. Qe2 Qxe2+ 8. Kxe2 a6 9. Bxc6+ bxc6 10. Re1 f6 11. dxc5 Bxc5 12. Nb3 Be7 13. Be3 Rb8 14. Kd2 Kf7 15. Ba7 Rb7 16. Bc5 Rxb3 17. Rxe7+ Nxe7 18. axb3 Nf5 19. Ra4 h5 20. Rb4 Ke6 21. Ne1 g5 22. Nd3 Nd6 23. f3 g4 24. Rb6 Kd7 25. Bb4 Kc7 26. Ba5 Nb7 27. Rxa6+ Nxa5 28. Rxa5 gxf3 29. gxf3 Rg8 30. Nf4 Rg1 31. Ra7+ Bb7 32. Ra4 Rh1 33. h4 Rh2+ 34. Kd1 Rh1+ 35. Kd2 Rh2+ 36. Ne2 Kd6 37. Ke3 c5 38. c3 Bc6 39. Ra6 Rxh4 40. b4 d4+ 41. cxd4 cxb4 42. Nf4 Kc7 43. d5 Bd7 44. Rxf6 Rh2 45. Nd3 b3 46. Ne5 Bb5 47. d6+ Kb6 48. d7+ Kc7 49. Rd6 Re2+ 50. Kf4 Bxd7 51. Rxd7+ Kc8 52. Rd3 Rxb2 53. Rc3+ Kd8 54. Nc6+ Ke8 55. Nd4 1-0

[Event "4NCL Div 2 2024-25"]
[Site "England"]
[Date "2025.04.06"]
[Round "8.30"]
[White "Turner, Lewis A"]
[Black "Longson, Alexander"]
[Result "1/2-1/2"]
[Annotator "ChessBase"]
[ECO "C97"]
[WhiteElo "1984"]
[BlackElo "2250"]
[PlyCount "92"]
[EventDate "2024.11.23"]
[EventType "team-tourn"]
[EventCountry "ENG"]
[SourceTitle "playchess.com"]
[Source "ChessBase"]
[SourceQuality "1"]
[TimeControl "40/6000+30:3000+30"]

1. e4 e5 2. Nf3 Nc6 3. Bb5 a6 4. Ba4 Nf6 5. O-O Be7 6. Re1 b5 7. Bb3 d6 8. c3 O-O 9. h3 Na5 10. Bc2 c5 11. d4 Qc7 12. d5 Nc4 13. b3 Nb6 14. Be3 Bd7 15. Nbd2 g6 16. Qe2 Nh5 17. Nf1 Bf6 18. Rac1 Bg7 19. Bb1 a5 20. Bd3 b4 21. Qd2 bxc3 22. Rxc3 f5 23. Bh6 fxe4 24. Bxg7 Kxg7 25. Bxe4 Nf6 26. Ng5 Rad8 27. Rg3 Nh5 28. Nxh7 Nxg3 29. Nxg3 Kxh7 30. Qg5 Be8 31. h4 Rd7 32. h5 Rg7 33. hxg6+ Rxg6 34. Qh5+ Kg7 35. Nf5+ Kg8 36. Nh6+ Kg7 37. Nf5+ Kg8 38. Nh6+ Rxh6 39. Qxh6 Qf7 40. f4 Qg7 41. Qxd6 Qg3 42. Re2 Qxf4 43. Bf3 Qd4+ 44. Kh2 Qh4+ 45. Kg1 Qd4+ 46. Kh2 Qh4+ 1/2-1/2

[Event "4NCL Div 2 2024-25"]
[Site "England"]
[Date "2025.04.06"]
[Round "8.31"]
[White "McLean, Robert"]
[Black "Taylor, William J"]
[Result "1/2-1/2"]
[Annotator "NA"]
[ECO "A13"]
[WhiteElo "2011"]
[BlackElo "1994"]
[PlyCount "121"]
[EventDate "2024.11.23"]
[EventType "team-tourn"]
[EventCountry "ENG"]
[SourceTitle "playchess.com"]
[Source "ChessBase"]
[SourceQuality "1"]
[TimeControl "40/6000+30:3000+30"]

1. c4 e6 2. g3 d5 3. Bg2 Nf6 4. Nf3 dxc4 5. Qa4+ Bd7 6. Qxc4 c5 7. Ne5 Qc8 8. Nxd7 Qxd7 9. O-O Nc6 10. Qa4 Nd4 11. Qxd7+ Nxd7 12. Nc3 Rb8 13. b3 Be7 14. e3 Nf5 15. Ne4 Nd6 16. Nxd6+ Bxd6 17. Bb2 O-O 18. Rfd1 Rfd8 19. d4 b6 20. Rd2 Be7 21. Rad1 Nf8 22. Ba3 Rdc8 23. Rc2 Rc7 24. dxc5 Bxc5 25. Bxc5 Rxc5 26. Rxc5 bxc5 27. Kf1 f6 28. Ke2 Kf7 29. Rd6 Rb6 30. Rxb6 axb6 31. Kd3 Ke7 32. Kc4 Kd6 33. Kb5 Kc7 34. Bh3 f5 35. a4 Nd7 36. e4 g6 37. exf5 exf5 38. f4 Nf8 39. a5 bxa5 40. Kxc5 Ne6+ 41. Kd5 Kd7 42. Bf1 Nc7+ 43. Ke5 Ke7 44. Bc4 Ne8 45. Kd5 Nf6+ 46. Kc5 Ng4 47. Kb5 Kd6 48. Kxa5 Kc7 49. Ka6 Kb8 50. Kb6 Nxh2 51. Be2 Ng4 52. Kc5 Nf2 53. Bf3 Kc7 54. Bd5 h6 55. Bf3 g5 56. fxg5 hxg5 57. Kd5 Nd3 58. Ke6 f4 59. gxf4 Nxf4+ 60. Kf5 Kb6 61. Kxg5 1/2-1/2

[Event "4NCL Div 2 2024-25"]
[Site "England"]
[Date "2025.04.06"]
[Round "8.32"]
[White "Barwick, Carmel"]
[Black "Longson, Sarah N"]
[Result "1-0"]
[Annotator "NA"]
[ECO "C24"]
[WhiteElo "1895"]
[BlackElo "1929"]
[PlyCount "124"]
[EventDate "2024.11.23"]
[EventType "team-tourn"]
[EventCountry "ENG"]
[SourceTitle "playchess.com"]
[Source "ChessBase"]
[SourceQuality "1"]
[TimeControl "40/6000+30:3000+30"]

1. e4 e5 2. Bc4 Nf6 3. d4 exd4 4. Nf3 Nxe4 5. Qxd4 Nf6 6. Nc3 Nc6 7. Qh4 Be7 8. Bg5 O-O 9. O-O-O d6 10. Bd3 g6 11. Rhe1 Be6 12. Bc4 Qd7 13. Bxf6 Bxf6 14. Qxf6 Bxc4 15. Qh4 Ba6 16. Nd5 Kg7 17. Qf6+ Kg8 18. Qc3 f5 19. Nf6+ Rxf6 20. Qxf6 Rf8 21. Qc3 Qf7 22. b3 h6 23. Kb2 g5 24. Nd4 Ne5 25. Nf3 Nc6 26. h3 g4 27. Nd4 Ne5 28. f4 Ng6 29. hxg4 fxg4 30. f5 Ne5 31. Ne6 Rc8 32. Rxd6 Nc4+ 33. bxc4 cxd6 34. c5 dxc5 35. Rh1 Qh7 36. Qf6 Qh8 37. Qxh8+ Kxh8 38. Rxh6+ Kg8 39. Rg6+ Kf7 40. Rxg4 c4 41. Kc3 Kf6 42. Rf4 b5 43. g4 Rg8 44. Nc7 Ke5 45. Rf2 Bc8 46. Nxb5 Rxg4 47. f6 Rg3+ 48. Kb4 Rg8 49. f7 Rf8 50. Re2+ Kf6 51. Re8 Kg7 52. Rxf8 Kxf8 53. Nd6 Be6 54. c3 Bd7 55. a3 Be6 56. Kc5 Ke7 57. Kb5 Bxf7 58. Nxf7 Kxf7 59. Kxc4 Ke7 60. Kb5 Kd7 61. Ka6 Kc6 62. a4 Kd5 1-0

[Event "4NCL Div 2 2024-25"]
[Site "England"]
[Date "2025.04.06"]
[Round "8.33"]
[White "Webb, Richard M"]
[Black "Siva Mahadevan"]
[Result "0-1"]
[Annotator "ChessBase"]
[ECO "B23"]
[WhiteElo "2172"]
[BlackElo "2369"]
[PlyCount "64"]
[EventDate "2024.11.23"]
[EventType "team-tourn"]
[EventCountry "ENG"]
[SourceTitle "playchess.com"]
[Source "ChessBase"]
[SourceQuality "1"]
[TimeControl "40/6000+30:3000+30"]

1. e4 c5 2. Nc3 Nc6 3. Bb5 Nd4 4. Nf3 a6 5. Bd3 g6 6. O-O Bg7 7. Rb1 Nc6 8. a3 b5 9. Re1 e6 10. b4 c4 11. Bf1 Nge7 12. Bb2 O-O 13. d3 d5 14. exd5 exd5 15. dxc4 dxc4 16. Qxd8 Rxd8 17. a4 Rb8 18. axb5 axb5 19. Ne4 Nd5 20. Bxg7 Kxg7 21. c3 Bf5 22. Rbc1 Ra8 23. Nfd2 Ra3 24. Ra1 Rda8 25. Rxa3 Rxa3 26. Nd6 Nxc3 27. Nxf5+ gxf5 28. Nf3 Kf6 29. g3 Ne4 30. Bg2 c3 31. Nh4 Nxb4 32. Nxf5 Nd3 0-1

[Event "4NCL Div 2 2024-25"]
[Site "England"]
[Date "2025.04.06"]
[Round "8.34"]
[White "York-Weaving, Richard"]
[Black "Cooksey, Paul S"]
[Result "1-0"]
[Annotator "ChessBase"]
[ECO "B12"]
[WhiteElo "2331"]
[BlackElo "2234"]
[PlyCount "91"]
[EventDate "2024.11.23"]
[EventType "team-tourn"]
[EventCountry "ENG"]
[SourceTitle "playchess.com"]
[Source "ChessBase"]
[SourceQuality "1"]
[TimeControl "40/6000+30:3000+30"]

1. e4 c6 2. d4 d5 3. e5 Bf5 4. Nf3 e6 5. Be2 Ne7 6. c3 h6 7. O-O Bh7 8. Na3 Nf5 9. Nc2 c5 10. g4 Nh4 11. Nxh4 Qxh4 12. f4 Nc6 13. Be3 cxd4 14. cxd4 Rc8 15. Ne1 Bb4 16. Ng2 Qe7 17. f5 Ba5 18. Bd3 Bb6 19. fxe6 fxe6 20. Bxh7 Rxh7 21. Qd3 g5 22. Rf6 Nd8 23. h4 Kd7 24. hxg5 hxg5 25. Raf1 Rh3 26. Qg6 Rh7 27. Qxg5 Rc2 28. Nh4 Kc8 29. Qg6 Rxb2 30. Nf3 Rh3 31. Rf2 Qb4 32. Kg2 Rh8 33. Qg7 Re8 34. g5 Rb1 35. Rh6 Qa3 36. Qg6 Qxe3 37. Qxb1 Bxd4 38. Qc2+ Nc6 39. Re2 Qc3 40. Rh4 Qxc2 41. Rxc2 Be3 42. Kg3 Rg8 43. Rch2 Kd7 44. Rh8 Rg6 45. R2h7+ Ne7 46. Kg4 1-0

[Event "4NCL Div 2 2024-25"]
[Site "England"]
[Date "2025.04.06"]
[Round "8.35"]
[White "Kacprzak, Kacper"]
[Black "Bowcott-Terry, Finlay"]
[Result "1-0"]
[Annotator "ChessBase"]
[ECO "B31"]
[WhiteElo "2291"]
[BlackElo "2168"]
[PlyCount "117"]
[EventDate "2024.11.23"]
[EventType "team-tourn"]
[EventCountry "ENG"]
[SourceTitle "playchess.com"]
[Source "ChessBase"]
[SourceQuality "1"]
[TimeControl "40/6000+30:3000+30"]

1. e4 c5 2. Nf3 Nc6 3. Bb5 g6 4. O-O Bg7 5. c3 e5 6. d4 cxd4 7. cxd4 exd4 8. Bf4 Nge7 9. Bd6 O-O 10. Nbd2 a6 11. Ba4 b6 12. Re1 Bb7 13. Rc1 Re8 14. Bb3 Nc8 15. Bg3 d6 16. Bd5 Qd7 17. Qb3 b5 18. Bxc6 Bxc6 19. Qd3 Bb7 20. Nxd4 Nb6 21. b3 Rac8 22. N4f3 Rcd8 23. Bf4 Qg4 24. Bg5 f6 25. Be3 Nd7 26. h3 Qe6 27. Nd4 Qf7 28. Qc3 Nc5 29. f3 Rc8 30. Qa1 Nd3 31. Rxc8 Rxc8 32. Rd1 f5 33. Qb1 Nb4 34. a3 Rc3 35. Nf1 Nc6 36. Nxc6 Rxc6 37. exf5 gxf5 38. Bd4 Bh6 39. Re1 Rc8 40. Qd3 Bd5 41. Ng3 Rf8 42. Bf2 Bg7 43. Bd4 Bxb3 44. Bxg7 Bc4 45. Qxd6 Qxg7 46. Re7 Qf6 47. Qc5 Qg5 48. Kh2 Qg6 49. Re5 Be6 50. Qe7 Bc8 51. Rd5 Qg7 52. Qh4 Qc7 53. f4 Qc4 54. Qg5+ Kh8 55. Nh5 Qc7 56. Rd6 a5 57. Rh6 Rf7 58. Nf6 Qd8 59. Qg6 1-0

[Event "4NCL Div 2 2024-25"]
[Site "England"]
[Date "2025.04.06"]
[Round "8.36"]
[White "Valdepenas Octavio, Javier"]
[Black "Starosta, Martyna"]
[Result "1-0"]
[Annotator "ChessBase"]
[ECO "C03"]
[WhiteElo "2145"]
[BlackElo "2309"]
[PlyCount "83"]
[EventDate "2024.11.23"]
[EventType "team-tourn"]
[EventCountry "ENG"]
[SourceTitle "playchess.com"]
[Source "ChessBase"]
[SourceQuality "1"]
[TimeControl "40/6000+30:3000+30"]

1. e4 e6 2. d4 d5 3. Nd2 h6 4. Ngf3 Nf6 5. e5 Nfd7 6. Bd3 c5 7. c3 Nc6 8. a3 Qb6 9. O-O cxd4 10. cxd4 Nxd4 11. Nxd4 Qxd4 12. Nf3 Qb6 13. Qa4 Be7 14. Qg4 Kf8 15. b4 Qc7 16. Bb2 Nb6 17. Rac1 Qd8 18. Nd4 a5 19. b5 Nd7 20. Rfe1 Bc5 21. Nb3 b6 22. Nxc5 bxc5 23. a4 Bb7 24. Ba3 Rc8 25. Qd4 Qb6 26. Rxc5 Nxc5 27. Rc1 Kg8 28. Bxc5 Qd8 29. h4 g6 30. h5 Qg5 31. Re1 Qd2 32. Rf1 Rxc5 33. Qxc5 Qxd3 34. Qe7 Ba8 35. Rc1 Qf5 36. Rc8+ Kg7 37. Qf6+ Qxf6 38. exf6+ Kh7 39. hxg6+ fxg6 40. Rc7+ Kg8 41. Rg7+ Kf8 42. Ra7 1-0

[Event "4NCL Div 2 2024-25"]
[Site "England"]
[Date "2025.04.06"]
[Round "8.37"]
[White "Thompson, Ian D"]
[Black "Fellowes, Billy"]
[Result "1/2-1/2"]
[Annotator "NA"]
[ECO "A36"]
[WhiteElo "2010"]
[BlackElo "2055"]
[PlyCount "46"]
[EventDate "2024.11.23"]
[EventType "team-tourn"]
[EventCountry "ENG"]
[SourceTitle "playchess.com"]
[Source "ChessBase"]
[SourceQuality "1"]
[TimeControl "40/6000+30:3000+30"]

1. c4 Nf6 2. Nc3 g6 3. g3 Bg7 4. Bg2 O-O 5. e4 c5 6. Nge2 Nc6 7. O-O Rb8 8. d4 cxd4 9. Nxd4 Nxe4 10. Nxc6 Nxc3 11. Nxe7+ Qxe7 12. bxc3 d6 13. Ba3 Rd8 14. Qa4 Be6 15. c5 d5 16. Qa5 Qf6 17. Bb4 Ra8 18. Rad1 b6 19. cxb6 axb6 20. Qxb6 Rab8 21. Qa5 Ra8 22. Qb6 Rab8 23. Qa5 Ra8 1/2-1/2

[Event "4NCL Div 2 2024-25"]
[Site "England"]
[Date "2025.04.06"]
[Round "8.38"]
[White "Pitcher, John"]
[Black "Duckers, Harvey L"]
[Result "1-0"]
[Annotator "NA"]
[ECO "C00"]
[WhiteElo "2147"]
[BlackElo "1900"]
[PlyCount "67"]
[EventDate "2024.11.23"]
[EventType "team-tourn"]
[EventCountry "ENG"]
[SourceTitle "playchess.com"]
[Source "ChessBase"]
[SourceQuality "1"]
[TimeControl "40/6000+30:3000+30"]

1. e4 e6 2. d3 d5 3. Nd2 Nf6 4. Ngf3 Be7 5. g3 b6 6. c3 Bb7 7. e5 Nfd7 8. d4 c5 9. Bd3 cxd4 10. cxd4 Ba6 11. Bxa6 Nxa6 12. O-O O-O 13. Qe2 Nb4 14. Nb1 a6 15. Nc3 b5 16. h4 Nb6 17. Bg5 h6 18. Bf4 Nc4 19. Rac1 Qb6 20. Rfd1 Rfd8 21. h5 Rab8 22. g4 Nc6 23. Kh1 a5 24. b3 Na3 25. Qe3 Bf8 26. g5 Ne7 27. Nh4 hxg5 28. Bxg5 Rd7 29. Rg1 Nf5 30. Nxf5 exf5 31. Bf6 Kh7 32. Qg5 Qe6 33. Ne2 f4 34. Nxf4 1-0

[Event "4NCL Div 2 2024-25"]
[Site "England"]
[Date "2025.04.06"]
[Round "8.39"]
[White "Tart, Peter K"]
[Black "Fallowfield, Jeremy R"]
[Result "1/2-1/2"]
[Annotator "NA"]
[ECO "B23"]
[WhiteElo "1903"]
[BlackElo "2072"]
[PlyCount "35"]
[EventDate "2024.11.23"]
[EventType "team-tourn"]
[EventCountry "ENG"]
[SourceTitle "playchess.com"]
[Source "ChessBase"]
[SourceQuality "1"]
[TimeControl "40/6000+30:3000+30"]

1. e4 c5 2. Nc3 Nc6 3. Bb5 Nd4 4. Nf3 a6 5. Bd3 g6 6. Nxd4 cxd4 7. Ne2 d5 8. c3 dxe4 9. Bxe4 dxc3 10. Qa4+ Bd7 11. Qd4 cxb2 12. Bxb2 Nf6 13. Bxb7 Rb8 14. Bxa6 Qb6 15. Qxb6 Rxb6 16. Bxf6 Rxf6 17. Rb1 Rxa6 18. Rb8+ 1/2-1/2